 Dungeon Crawl Stone Soup version 0.21-a0-274-gc1afaeb (webtiles) character file.

37 Gruesome the Insei (level 3, -4/23 HPs)
             Began as an Octopode Transmuter on Sept 19, 2017.
             Slain by a hobgoblin
             ... wielding a +0 club
             ... led by Robin
              (5 damage)
             ... on level 2 of the Dungeon.
             The game lasted 00:03:08 (971 turns).

Gruesome the Insei (Octopode Transmuter)             Turns: 971, Time: 00:03:08

Health: -4/23      AC:  1    Str:  9    XL:     3   Next: 41%
Magic:  6/6        EV: 13    Int: 15    God:
Gold:   25         SH:  0    Dex: 13    Spells: 5/6 levels left

rFire    . . .     SeeInvis .     - Unarmed
rCold    . . .     Gourm    .   (no shield)
rNeg     . . .     Faith    .   (helmet restricted)
rPois    .         Spirit   .   (no amulet)
rElec    .         Reflect  .   (no ring)
rCorr    .         Harm     .   (no ring)
MR       .....                  (no ring)
Stlth    ++........             (no ring)
HPRegen  0.07/turn              (no ring)
MPRegen  0.10/turn              (no ring)
                                (no ring)
                                (no ring)

@: no status effects
A: almost no armour, stealthy swim, amphibious, 8 rings, constrict 8, camouflage
1, gelatinous body 1
a: no special abilities


You were on level 2 of the Dungeon.
You were not hungry.

You visited 1 branch of the dungeon, and saw 2 of its levels.

You collected 25 gold pieces.

Inventory:

Missiles
 a - 12 arrows
Scrolls
 e - a scroll of fog
Potions
 d - a potion of magic {unknown}
 h - a potion of heal wounds {unknown}
Books
 b - a book of Changes

   Spells                             Type                      Level
   a - Beastly Appendage              Transmutation                1
   b - Sticks to Snakes               Transmutation                2
   c - Spider Form                    Transmutation/Poison         3
   d - Ice Form                       Ice/Transmutation            4
   e - Blade Hands                    Transmutation                5
Comestibles
 c - a bread ration
 f - 3 chunks of flesh


   Skills:
 - Level 1.0 Fighting
 - Level 2.0 Dodging
 * Level 4.3 Unarmed Combat
 - Level 2.0 Spellcasting
 - Level 2.0 Transmutations


You had 5 spell levels left.
You knew the following spells:

 Your Spells              Type           Power        Failure   Level  Hunger
a - Beastly Appendage     Tmut           #.....       10%         1    #......


Dungeon Overview and Level Annotations

Branches:
Dungeon (2/15)

Altars:

Annotations:
D:2 Robin


Innate Abilities, Weirdness & Mutations

You cannot wear most types of armour.
You are very stealthy in the water. (Stealth+)
You are amphibious.
You can wear up to eight rings at the same time.
You can use your tentacles to constrict eight enemies at once.
Your skin changes colour to match your surroundings (Stealth+).
Your rubbery body absorbs attacks. (AC +1, EV +1)


Message History

You constrict the hobgoblin.
You kill the hobgoblin!
The hobgoblin no longer looks unusually strong.
Robin roars a battlecry!
The hobgoblin goes into a battle-frenzy!
You bludgeon Robin!
Robin is severely wounded.
You constrict Robin, but do no damage. The goblin closely misses you.
You bludgeon the goblin!
You kill the goblin!
You constrict Robin, but do no damage. Robin hits you with a mace.
A worm comes into view.
You tentacle-slap the hobgoblin but do no damage.
Your grab misses the hobgoblin. You constrict Robin. Robin closely misses you.
The hobgoblin hits you with a club!
* * * LOW HITPOINT WARNING * * *
You closely miss the hobgoblin. You grab the hobgoblin.
You constrict Robin, but do no damage. You constrict the hobgoblin.
The hobgoblin hits you with a club.
You die...

.. ... #.# #
###.## ). ....
... #..# ....
##..# .....
#.###.<.###wg....
#(.......@gK#
#.......)g###
#........w#
#...P...P......
$...P≈≈PP..P.#..
....≈≈≈P(P.......
...≈≈≈≈≈..%≈..###
.P.≈≈≈≈≈≈?≈≈...


You could see a worm, Robin, a dart slug, a hobgoblin, a goblin and a kobold.

Vanquished Creatures
  An ooze (D:1)
  2 bats (D:1)
  A giant cockroach (D:1)
  10 goblins
  4 hobgoblins
  5 kobolds (D:1)
  2 frilled lizards (D:1)
  5 rats (D:1)
30 creatures vanquished.

Notes
Turn   | Place    | Note
-------+----------+-------------------------------------------
     0 | D:1      | Gruesome the Octopode Transmuter began the quest for the Orb.
     0 | D:1      | Reached XP level 1. HP: 13/13 MP: 3/3
   238 | D:1      | Reached XP level 2. HP: 18/18 MP: 5/5
   657 | D:1      | Reached skill level 4 in Unarmed Combat
   871 | D:1      | Reached XP level 3. HP: 23/23 MP: 6/6
   944 | D:2      | Noticed Robin
   962 | D:2      | HP: 1/23 [Robin/mace (7)]
   970 | D:2      | HP: 1/23 [hobgoblin/club[Robin] (9)]
   971 | D:2      | Slain by a hobgoblin

Vault maps used:
D:1:      minmay_arrival_four_circles, serial_bayou_pond_b,
          hangedman_glass_teeth, minmay_misc_feat_encased, minivault_11
D:2:      guppyfry_early_lair_pool, uniq_robin, uniq_jessica, uniq_terence

Skill      XL: |  1  2 |
---------------+-------+-----
Unarmed Combat | 4 |  4.3
Fighting       | |  1.0
Dodging        | |  2.0
Spellcasting   | |  2.0
Transmutations | |  2.0

Action                   || total
-------------------------++-------
Melee: Unarmed           ||    62
       Tentacles         ||    10
       Constrict         ||    19
       Punch             ||     2
       Kick              ||     1
 Cast: Beastly Appendage ||     1
  Use: Scroll            ||     2
       Potion            ||     2
 Stab: Sleeping          ||     2
Armor: Skin              ||     3
Dodge: Dodged            ||    42

Table legend:
 A = Spawn XP
 B = Non-spawn XP
 C = Spawn XP percentage of total XP
 D = Spawn monster count
 E = Non-spawn monster count
 F = Spawn count percentage of total count
 G = Total turns spent on level
                    A         B        C        D         E        F      G
               +---------+---------+-------+---------+---------+-------+---------
         Total |       0 |      54 |   0.0 |       0 |      30 |   0.0 |   971
               +---------+---------+-------+---------+---------+-------+---------
           D:1 |       0 |      37 |   0.0 |       0 |      21 |   0.0 |   940
           D:2 |       0 |      17 |   0.0 |       0 |       9 |   0.0 |    31
               +---------+---------+-------+---------+---------+-------+---------
